 Dungeon Crawl Stone Soup version 0.31-a0-365-gcf821cafb2 (webtiles) character file.

Game seed: 12747939854657918553

43 garrulousMonolith the Changeling (level 3, 0/23 HPs)
             Began as an Octopode Shapeshifter on July 28, 2023.
             Hit by a goblin thrown by Robin (1 damage)
             ... on level 2 of the Dungeon.
             The game lasted 00:01:24 (755 turns).

garrulousMonolith the Changeling (OpSh)              Turns: 755, Time: 00:01:25

Health: 0/23       AC:  1    Str: 14    XL:     3   Next: 58%
Magic:  3/3        EV: 13    Int: 10    God:
Gold:   40         SH:  0    Dex: 14    Spells: 2/2 levels left

rFire   . .          .
                       - Unarmed
rCold   . . .        (no shield)
rNeg    . . .        (helmet currently unavailable)
rPois   .            (no amulet)
rElec   .            (no ring)
rCorr   .            (no ring)
SInv    .            (no ring)
Will    .....        (no ring)
Stlth   ++           (no ring)
HPRegen 0.23/turn    (no ring)
MPRegen 0.08/turn    (no ring)
                     (no ring)

%: no passive effects
@: beast-form, silenced
A: beast (slay +2), almost no armour, amphibious, 8 rings, camouflage 1,
gelatinous body 1, (nimble swimmer 1), tentacles
a: Begin Untransformation


You were on level 2 of the Dungeon.
You were a hulking beast.
You visited 1 branch of the dungeon, and saw 2 of its levels.

You collected 40 gold pieces.

Inventory:

Hand Weapons
 f - a +1 sling of flaming
Missiles
 d - 5 poisoned darts
 j - 4 atropa-tipped darts
Magical Staves
 l - a staff of cold
Talismans
 b - a beast talisman
Scrolls
 k - a scroll of torment {unknown}
 n - a scroll of identify {unknown}
Potions
 a - a potion of lignification
 h - a potion of brilliance {unknown}
 m - a potion of heal wounds {unknown}


   Skills:
 + Level 1.5 Fighting
 + Level 2.3 Dodging
 + Level 1.4 Stealth
 + Level 3.2 Unarmed Combat
 * Level 3.4 Shapeshifting


You had 2 spell levels left.
You didn't know any spells.
Your spell library contained the following spells:

 Spells                   Type           Power      Damage    Failure   Level
 Gell's Gravitas          Tloc           0%         N/A       75%         3
 Teleport Other           Tloc           0%         N/A       75%         3
 Dispersal                Tloc           0%         N/A       100%        6


Dungeon Overview and Level Annotations

Branches:
Dungeon (2/15)

Altars:

Annotations:
D:2 Robin


Innate Abilities, Weirdness & Mutations

You are a hulking beast.
Your limbs bulge with bestial killing power. (Slay +2)
You cannot wear most types of armour.
You are amphibious.
You can wear up to eight rings at the same time.
Your skin changes colour to match your surroundings (Stealth+).
Your rubbery body absorbs attacks. (AC +1, EV +1)
((You are camouflaged when in or above water. (Stealth+)))
You have tentacles for arms and can constrict up to eight enemies at once.


Message History

The goblin hits you with a +0 dagger.
The goblin shouts! x5; The frilled lizard hisses angrily.
You bludgeon the goblin!
You kill the goblin!
You hear a shout!
Robin throws the goblin at you!
A goblin comes into view. It is wielding a +0 dagger.
The goblin misses you.
A hobgoblin comes into view.
The goblin attacks as you move away! The goblin hits you with a +0 dagger.
A goblin comes into view. It is wielding a +0 club.
Robin roars a battlecry!
The goblins go into a battle-frenzy!
The goblin moves out of view.
The hobgoblin shouts!
Things that are here:
a +0 dagger; a goblin corpse You bludgeon the goblin!
You kill the goblin!
You hear a shout!
As you read the scroll labelled RECIVU QUDUAT, it crumbles to dust.
You hear a loud clanging noise!
It was a scroll of noise.
The goblin barely misses you. x2
As you read the scroll labelled SIARONW TIRO, it crumbles to dust.
You feel aware of your surroundings.
You sensed 1 altar.
It was a scroll of revelation.
Robin throws the goblin at you! The goblin hits you with a +0 dagger.
The goblin closely misses you. The goblin misses you.
The goblin hits you with a +0 dagger.
* * * LOW HITPOINT WARNING * * *
As you read the scroll labelled TUD TUANTEORCH, it crumbles to dust.
It is a scroll of enchant armour.
You aren't carrying any armour which can be enchanted further.
The goblin closely misses you. The goblin completely misses you.
The goblin barely misses you. x2; The goblin hits you with a +0 dagger.
* * * LOW HITPOINT WARNING * * *
The goblin misses you.
As you read the scroll labelled REKOGEONUPH, it crumbles to dust.
A profound silence engulfs you.
It was a scroll of silence.
Robin throws the goblin at you!
You die...

* *,* **,,,*,*,*
***,******,*** * *,*
#..##.#.###...#* *,,,,
*****,***#.∩..∩..♣..∩...#
*****
,,,,,,,,,...............#
*****,,,,...g...........# *
***,*#.∩..∩.....8..♣## *
*,*#....gg.l.......#******* *
*,*##....ggg........,,,,,,, *
*,*##...♣gh8.....♣#********
*,*##....ggg......# *
*,*##....g........# *
*,*##8.....∩.._...## *
*,*##..............# ##
*,*##..............# #.
*,,..8..8..∩..∩..8.# #.
***##......#..###..#######.
******##....###.###.)........


You could see Robin, a hobgoblin (strong), 9 goblins and a frilled lizard.

Vanquished Creatures
  A dart slug (D:2)
  2 ball pythons (D:1)
  4 endoplasms (D:1)
  A giant cockroach (D:1)
  3 goblins
  6 hobgoblins (D:1)
  2 jackals (D:1)
  4 quokkas
  4 bats (D:1)
  A frilled lizard (D:1)
  2 kobolds
  6 rats (D:1)
36 creatures vanquished.

Notes
Turn   | Place    | Note
-------+----------+-------------------------------------------
     0 | D:1      | garrulousMonolith the Octopode Shapeshifter began the quest
                  | for the Orb.
     0 | D:1      | Reached XP level 1. HP: 13/13 MP: 1/1
    48 | D:1      | Reached XP level 2. HP: 1/18 MP: 2/2
   390 | D:1      | Reached skill level 1 in Stealth
   415 | D:1      | Reached XP level 3. HP: 11/23 MP: 3/3
   734 | D:2      | Found a faded altar of an unknown god.
   745 | D:2      | Noticed Robin
   754 | D:2      | HP: 1/23 [goblin/+0 dagger[Robin] (5)]
   755 | D:2      | Hit by a goblin thrown by Robin

Illustrated notes

Levels and vault maps discovered:
D:1:      minmay_arrival_checkered_box, layout_basic
D:2:      layout_loops_ring, hellmonk_ecumenical_altar_arch_garden, basic_altar,
          uniq_robin

Skill      XL: |  1  2 |
---------------+-------+-----
Stealth        | 1 |  1.4
Fighting       | |  1.5
Dodging        | |  2.3
Unarmed Combat | |  3.2
Shapeshifting  | |  3.4

Action                     || total
---------------------------++-------
  Melee: Unarmed           ||    53
         Constrict         ||    16
         Tentacles         ||    12
         Punch             ||     1
    Use: Scroll            ||     4
   Stab: Sleeping          ||     8
 Armour: Skin              ||     4
  Dodge: Dodged            ||    26

Table legend: (Time is in decaauts)
 A = Elapsed time spent in this place.
 B = Non-inter-level travel time spent in this place.
 C = Inter-level travel time spent in this place.
 D = Time resting spent in this place.
 E = Time spent auto-exploring this place.
 F = Levels seen in this place.
 G = Mean time per level.
                   A        B        C        D        E       F      G
               +--------+--------+--------+--------+--------+-----+--------+
         Total |    751 |    719 |     32 |    114 |    414 |   2 |  375.5 |
       Dungeon |    751 |    719 |     32 |    114 |    414 |   2 |  375.5 |
               +--------+--------+--------+--------+--------+-----+--------+

Top non-repeatable levels by time:
     D:1: 709 daAuts
     D:2: 42 daAuts
